AoeStats
← JuL10SSJ

Four Lakes

510216340Analyzed
1v1 RM · 2d ago on Sep 30, 2026· 62m 44s· 2 players
Game mode
Random Map
Map size
Tiny (2 player)
Population
200
Speed
Normal
Resources
Standard
Victory
Conquest
Starting age
Dark Age
Ending age
Imperial Age
RankedLock teamsTeams togetherTeam positionsShared explorationLock speedFull tech treeHidden civsTurbo modeCheats
Victory
Defeat
🇨🇱 Wei · Chile
937
+17
🇦🇺 Japanese · Australia
958
-17
JuL10SSJ
7:28 Loom
9:36 Feudal Age
10:04 Horse Collar
10:11 Double-Bit Axe
10:56 Fishing Lines
11:33 Gold Mining
16:49 Man-at-Arms
23:04 Arson
31:06 Castle Age
28:53 Town Watch
29:33 Fletching
29:43 Padded Archer Armor
29:56 Stone Mining
31:25 Forging
31:21 Scale Barding Armor
32:17 Thumb Ring
31:41 Crossbowman
32:03 Pikeman
32:43 Squires
33:55 Bloodlines
33:46 Husbandry
35:37 Bodkin Arrow
37:42 Gold Shaft Mining
37:44 Stone Shaft Mining
37:31 Medium Warships
37:12 Gillnets
38:44 Wheelbarrow
44:43 Bow Saw
46:22 Chain Barding Armor
46:18 Leather Archer Armor
48:42 Hand Cart
52:11 Imperial Age
49:42 Town Patrol
50:35 Iron Casting
50:53 Ballistics
50:29 Murder Holes
50:45 Masonry
54:04 Bracer
54:35 Ring Archer Armor
53:41 Heavy Hei Guang Cavalry
54:49 Ming Guang Armor
55:52 Blast Furnace
56:29 Chemistry
55:10 Treadmill Crane
60:44 Parthian Tactics
60:56 Tuntian
61:17 Conscription
61:32 Hoardings
61:00 Elite Tiger Cavalry
MysticTuba8187
3:43 Loom
11:42 Feudal Age
12:00 Man-at-Arms
13:31 Arson
21:39 Wheelbarrow
20:50 Town Watch
23:35 Double-Bit Axe
25:25 Padded Archer Armor
25:16 Fletching
25:26 Scale Mail Armor
31:19 Castle Age
29:41 Scale Barding Armor
29:46 Forging
31:07 Bloodlines
30:58 Gold Mining
31:28 Long Swordsman
35:00 Bow Saw
35:51 Leather Archer Armor
35:31 Bodkin Arrow
35:48 Forging
35:53 Chain Mail Armor
35:57 Hand Cart
39:20 Elite Skirmisher
41:18 Pikeman
43:58 Iron Casting
44:13 Thumb Ring
45:17 Squires
45:02 Gambesons
47:32 Gold Shaft Mining
48:47 Horse Collar
51:18 Murder Holes
51:46 Masonry
52:13 Stone Mining
53:17 Town Patrol
57:16 Imperial Age
57:28 Onager
58:57 Parthian Tactics
60:13 Plate Mail Armor
60:43 Blast Furnace
Connection lost

Rejoining the realm…

Still unreachable

The connection could not be restored.

Session expired

The server has moved on; the page needs a fresh start.